 Dungeon Crawl Stone Soup version 0.21-a0-426-g98080a9 (webtiles) character file.

27601 Gorice the Fencer (level 13, 0/88 HPs)
             Began as a Demonspawn Wanderer on Nov 6, 2017.
             Was a High Priest of Yredelemnul.
             Slain by a spiny frog (12 damage)
             ... on level 6 of the Lair of Beasts.
             The game lasted 01:27:23 (21983 turns).

Gorice the Fencer (Demonspawn Wanderer)            Turns: 21983, Time: 01:27:24

Health: 0/88       AC: 21    Str: 20    XL:     13   Next: 5%
Magic:  0/13       EV:  8    Int: 14    God:    Yredelemnul [*****.]
Gold:   724        SH:  0    Dex: 15    Spells: 12/12 levels left

rFire    + . .     SeeInvis .   b - +1 scimitar (flame)
rCold    . . .     Gourm    .   (no shield)
rNeg     . . .     Faith    .   y - +0 plate armour
rPois    +         Spirit   +   (no helmet)
rElec    +         Reflect  .   C - +0 cloak "Ledymaiph" {rElec rPois}
rCorr    .         Harm     .   t - +2 pair of gloves
MR       .....                  g - +0 pair of boots
Stlth    ..........             j - amulet of rage
HPRegen  0.24/turn              (no ring)
MPRegen  0.26/turn              k - ring of protection from fire

@: mighty
A: powered by pain 2, magic shield, magic regeneration, sturdy frame 2
a: Recall Undead Slaves, Injury Mirror, Animate Dead, Drain Life, Enslave Soul,
Renounce Religion, Evoke Berserk Rage


You were on level 6 of the Lair of Beasts.
You worshipped Yredelemnul.
Yredelemnul was extremely pleased with you.
You were near starving.

You visited 3 branches of the dungeon, and saw 16 of its levels.
You also visited: Ossuary.

You collected 724 gold pieces.

Inventory:

Hand Weapons
 a - a +2 short sword of electrocution
   (You took it off an orc on level 4 of the Dungeon)
 b - a +1 scimitar of flaming (weapon)
   (You took it off Erica on level 1 of the Lair of Beasts)
 B - a +2 blowgun
Missiles
 d - 2 curare-tipped needles
 l - 34 tomahawks (quivered)
 Z - a throwing net
Armour
 g - a +0 pair of boots (worn)
 t - a +2 pair of gloves (worn)
 y - a +0 plate armour (worn)
 C - the +0 cloak "Ledymaiph" (worn) {rElec rPois}
   (You found it on level 3 of the Lair of Beasts)

   It insulates you from electricity.
   It protects you from poison.
Jewellery
 j - an amulet of rage (around neck)
 k - a ring of protection from fire (right hand)
 Y - an uncursed ring of fire
Wands
 m - a wand of polymorph (10/24)
 r - a wand of lightning (10/15)
 F - a wand of flame (25/48)
 P - a wand of lightning (5/15)
Scrolls
 i - 3 scrolls of teleportation {!r}
 p - 9 scrolls of identify
 A - 2 scrolls of fear {!r}
 I - 9 scrolls of remove curse
Potions
 o - 4 potions of flight
 q - 2 potions of heal wounds {!q}
 s - 4 potions of curing
 v - 4 potions of might {!q}
 w - 2 potions of haste {!q}
 x - 2 potions of ambrosia
 z - 4 potions of magic {!q}
 D - a potion of berserk rage
 L - 2 potions of agility {!q}
 M - a potion of lignification {!q}
Comestibles
 f - 9 bread rations {!e}


   Skills:
 - Level 4.0 Fighting
 + Level 16.0 Long Blades
 - Level 1.0 Throwing
 + Level 11.7 Armour
 - Level 1.0 Evocations


You had 12 spell levels left.
You didn't know any spells.

Dungeon Overview and Level Annotations

Branches:
Dungeon (9/15)             Temple (1/1) D:4            Lair (6/6) D:8
  Swamp (0/4) Lair:4       Spider (0/4) Lair:3        Slime (0/5) Lair:5
    Orc: D:9-12

Altars:
Ashenzari
Cheibriados
Dithmenos
Elyvilon
Fedhas
Gozag
Hepliaklqana
Kikubaaqudgha
Makhleb
Nemelex Xobeh
Okawaru
Qazlal
Ru
Sif Muna
Trog
Uskayaw
Vehumet
Wu Jian
Xom
Yredelemnul
Zin
The Shining One
Jiyva

Annotations:
D:1 vpUX: scroll behind lava moat
D:7 exclusion: statue
Lair:4 exclusion: oklob plant


Innate Abilities, Weirdness & Mutations

You sometimes gain power by taking damage.
When hurt, damage is shared between your health and your magic reserves.
You regenerate magic rapidly.
Your movements are less encumbered by armour. (ER -4)


Message History

a crocodile corpse; a blink frog corpse; Damage: 3 (max 14)
The blink frog blinks!
You call on the dead to rise...
The dead are walking, hopping and slithering!
You are near starving!
The spiny frog stings you!
* * * LOW HITPOINT WARNING * * *
You focus on the pain.
You feel very mighty all of a sudden.
The blink frog hits you but does no damage.
Damage: 11 (max 14) Unknown command.
Unknown command.
Unknown command.
You completely miss the blink frog.
You hear the brisk ticking of a very distant clock.
The spiny frog stings you!
* * * LOW HITPOINT WARNING * * *
You are lethally poisoned!
The spiny frog poisons you! The blink frog hits you.
* * * LOW HITPOINT WARNING * * *
Damage: 14 (max 14) Unknown command.
Unknown command.
Unknown command.
You feel better.
Your blink frog zombie hits the blink frog.
Your water moccasin zombie misses the spiny frog.
The spiny frog stings you but does no damage.
The blink frog barely misses your blink frog zombie.
Your crocodile zombie closely misses the blink frog.
Your water moccasin zombie bites the spiny frog but does no damage.
Your blink frog zombie closely misses the blink frog.
Unknown command.
Unknown command.
Unknown command.
Unknown command.
You slice the blink frog!! You burn the blink frog.
The blink frog is almost dead.
The blink frog hits you but does no damage.
The spiny frog stings you.
* * * LOW HITPOINT WARNING * * *
Your water moccasin zombie bites the spiny frog but does no damage.
Your crocodile zombie closely misses the blink frog.
You closely miss the blink frog.
The blink frog is almost dead.
Your blink frog zombie barely misses the blink frog.
The blink frog closely misses you. The spiny frog stings you!
You die...
Your body rises from the dead as a mindless zombie.

*,,,,...........,###,,,,,,*,,
**,,,.......(..*#?..,,,,,,,,,
*,,,,.........##....,,**,,,,,
**,,,.......(.#.....*,,,,,,,,
**,,.......(...#*,,,,,,,,,**
*,,........#..#,,,⌠,,,⌠,,,* ***
**,........Z..#,,,,,⌠,,,,,* **,**
**......#F#§.#,,,⌠,,,⌠,,,, *,,,*
*P.....#@#..#*,,,,,,,,,,*
*,,,*****...###ZFZ#..#.#*...*#.,,
**,,,**,*..**#....##....##.##.,,,
*,,,,,,,,.,* ###...###.......%,**
**,,,,,,,,** ##...####.....,,#.
**,,,,,.#,*##*#.....# *#.F.#*...
**,,,,..###.##....##*##...#...,
**,,,.#..........##.#.....#,,,
**,,,,.............##.⌠.<.⌠#,,,


You could see a spiny frog, a blink frog, a friendly water moccasin zombie, a
friendly crocodile zombie and a friendly blink frog zombie.

Vanquished Creatures
  Josephine (Lair:5)
  2 hydras
  4 elephants (Lair:5)
  11 spiny frogs
  5 komodo dragons
  A rime drake (Lair:3)
  A polar bear (Lair:3)
  A hornet (D:9)
  A jumping spider (Lair:3)
  3 blink frogs
  10 dream sheep
  3 hippogriffs
  3 wraiths (Lair:5)
  24 yaks
  A steam dragon (D:8)
  5 water moccasins
  5 porcupines
  2 ice beasts (D:6)
  2 orc warriors
  A black bear (D:8)
  2 sky beasts (D:7)
  2 ogres
  3 centaurs
  3 crocodiles
  Blork the orc (D:4)
  10 bullfrogs
  A gnoll sergeant (D:5)
  A jelly (D:9)
  12 scorpions
  5 wights (D:7)
  2 howler monkeys (D:9)
  An electric eel (Lair:5)
  7 crimson imps
  3 centaur zombies
  4 hounds
  A gnoll shaman (D:5)
  4 orc priests
  2 centaur skeletons
  4 bullfrog skeletons
  Jessica (D:3)
  6 worker ants
  2 iguanas
  6 orc wizards
  A killer bee zombie (D:7)
  A big kobold zombie (Ossuary)
  2 hound skeletons
  3 mummies (Ossuary)
  A worker ant zombie (D:8)
  7 adders
  14 gnolls
  A howler monkey skeleton (D:8)
  4 scorpion zombies (Ossuary)
  2 shadow imps
  An ooze (D:3)
  6 worms
  A dart slug (D:2)
  3 leopard geckos
  21 orcs
  7 giant cockroaches
  10 goblins
  8 hobgoblins
  19 jackals
  2 quokkas
  2 bats
  4 frilled lizards
  4 hobgoblin zombies (Ossuary)
  6 kobolds
  2 kobold zombies (Ossuary)
  A leopard gecko skeleton (D:8)
  A leopard gecko zombie (D:6)
  6 orc zombies (Ossuary)
  A quokka zombie (D:7)
  9 rats
  10 plants (Lair:2)
329 creatures vanquished.

Vanquished Creatures (collateral kills)
  Rupert (Lair:3)
  A hydra (Lair:4)
  Erica (Lair:1)
  A two-headed ogre (D:9)
  Nergalle (Lair:2)
  A wolf spider (Lair:3)
  2 black mambas (Lair:2)
  2 elephants (Lair:5)
  2 spiny frogs
  2 komodo dragons
  A polar bear (Lair:5)
  A jumping spider (Lair:3)
  A blink frog (Lair:3)
  3 dream sheep
  A redback (Lair:3)
  A wraith (Lair:5)
  11 yaks
  A spriggan (Lair:2)
  2 basilisks
  A water moccasin (Lair:3)
  An orc warrior (D:9)
  A porcupine (Lair:1)
  A sky beast (D:9)
  A phantom (D:9)
  A necrophage (D:9)
  An ogre (D:9)
  2 crocodiles
  7 bullfrogs
  2 scorpions
  A howler monkey (D:9)
  A jelly (D:9)
  A hound (D:9)
  2 orc wizards (D:9)
  A worker ant (D:9)
  2 orcs (D:9)
  A quokka (D:9)
  A bush (Lair:2)
  13 fungi
  7 plants
84 creatures vanquished.

Vanquished Creatures (others)
  A black mamba zombie (Lair:2)
  15 flying skulls
  A wraith (Lair:5)
  4 spiny frog zombies
  A blink frog skeleton (Lair:3)
  A dream sheep skeleton (Lair:3)
  A wight (Lair:3)
  A scorpion zombie (Lair:4)
  An electric eel skeleton (Lair:5)
  An orc zombie (Ossuary)
  15 fungi
  4 plants
46 creatures vanquished.

Grand Total: 459 creatures vanquished

Notes
Turn   | Place    | Note
-------+----------+-------------------------------------------
     0 | D:1      | Gorice the Demonspawn Wanderer began the quest for the Orb.
     0 | D:1      | Gorice set off with: 3 curare-tipped needles, a +2 blowgun, a +0 ring mail, a +0 falchion, a bread ration {!e}
     0 | D:1      | Reached XP level 1. HP: 19/19 MP: 1/1
    37 | D:1      | Reached skill level 2 in Long Blades
   667 | D:2      | Gained mutation: You sometimes gain a little power by taking damage. [demonic ancestry]
   667 | D:2      | Reached XP level 2. HP: 25/25 MP: 2/2
   789 | D:2      | Reached skill level 3 in Long Blades
   789 | D:2      | Reached XP level 3. HP: 21/30 MP: 3/3
  1075 | D:2      | Reached XP level 4. HP: 27/37 MP: 4/4
  1077 | D:2      | Reached skill level 4 in Long Blades
  1776 | D:3      | You fall through a shaft!
  1790 | D:4      | Reached XP level 5. HP: 28/42 MP: 5/5
  2064 | D:3      | Reached skill level 5 in Long Blades
  2123 | D:3      | Noticed an ogre
  2130 | D:3      | Killed an ogre
  2167 | D:3      | Noticed Jessica
  2185 | D:3      | Killed Jessica
  2185 | D:3      | Reached XP level 6. HP: 48/48 MP: 6/6
  2534 | D:3      | Noticed a moth of wrath
  2536 | D:3      | Found a bloodstained altar of Trog.
  2910 | D:3      | Reached skill level 6 in Long Blades
  3149 | D:4      | HP: 8/48 [orc/short sword of electrocution (9)]
  3398 | D:4      | Found a staircase to the Ecumenical Temple.
  3405 | Temple   | Entered the Ecumenical Temple
  3460 | Temple   | Became a worshipper of Yredelemnul the Dark
  3938 | D:4      | Noticed Blork the orc
  3952 | D:4      | Killed Blork the orc
  4449 | D:5      | Entered Level 5 of the Dungeon
  4701 | D:4      | Reached skill level 7 in Long Blades
  4701 | D:4      | Reached XP level 7. HP: 47/54 MP: 7/7
  4799 | D:5      | Reached * piety under Yredelemnul
  4855 | D:5      | Found a glowing golden altar of the Shining One.
  5587 | D:5      | Found a shimmering altar of Xom.
  5646 | D:5      | Reached skill level 8 in Long Blades
  6333 | D:5      | Gained mutation: Your movements are slightly less encumbered by armour. (ER -2) [demonic ancestry]
  6333 | D:5      | Reached XP level 8. HP: 51/60 MP: 8/8
  6772 | D:6      | Reached skill level 9 in Long Blades
  7087 | D:6      | Found a sparkling altar of Nemelex Xobeh.
  7242 | D:6      | Reached skill level 2 in Armour
  7274 | D:6      | Found an ornate altar of the Wu Jian Council.
  7359 | D:6      | Found an iron altar of Okawaru.
  7381 | D:6      | Reached skill level 10 in Long Blades
  7478 | D:6      | Found a stormy altar of Qazlal.
  7486 | D:6      | Reached ** piety under Yredelemnul
  7955 | D:7      | Noticed a hippogriff
  7969 | D:7      | Killed a hippogriff
  7969 | D:7      | Reached skill level 3 in Armour
  8051 | D:7      | Gained mutation: Your movements are less encumbered by armour. (ER -4) [demonic ancestry]
  8051 | D:7      | Reached XP level 9. HP: 65/65 MP: 9/9
  8257 | D:7      | Found a radiant altar of Vehumet.
  8500 | D:7      | Reached skill level 4 in Armour
  8553 | D:7      | HP: 19/65 [orc wizard/dagger of protection (3)]
  8858 | D:7      | Reached skill level 11 in Long Blades
  9023 | D:8      | Found a staircase to the Lair.
  9053 | D:8      | Found a sand-covered staircase.
  9059 | Ossuary  | Entered an ossuary
  9361 | Ossuary  | Reached *** piety under Yredelemnul
  9425 | Ossuary  | Reached skill level 5 in Armour
 10749 | D:8      | Reached skill level 12 in Long Blades
 10749 | D:8      | Gained mutation: You sometimes gain power by taking damage. [demonic ancestry]
 10749 | D:8      | Reached XP level 10. HP: 64/71 MP: 10/10
 10767 | D:8      | Found a deep blue altar of Sif Muna.
 10858 | Lair:1   | Entered Level 1 of the Lair of Beasts
 11121 | Lair:1   | Reached **** piety under Yredelemnul
 11126 | Lair:1   | Reached skill level 6 in Armour
 11458 | Lair:1   | Noticed a spiny frog
 11471 | Lair:1   | HP: 20/71 [poisoned by a spiny frog]
 11473 | Lair:1   | Killed a spiny frog
 11476 | Lair:1   | HP: 15/71 [poisoned by a spiny frog]
 11481 | Lair:1   | HP: 10/71 [poisoned by a spiny frog]
 11487 | Lair:1   | HP: 8/71 [poisoned by a spiny frog]
 11493 | Lair:1   | HP: 6/71 [poisoned by a spiny frog]
 11499 | Lair:1   | HP: 5/71 [poisoned by a spiny frog]
 11506 | Lair:1   | HP: 5/71 [poisoned by a spiny frog]
 11913 | Lair:1   | Noticed a spiny frog
 11918 | Lair:1   | Killed a spiny frog
 11918 | Lair:1   | Reached skill level 13 in Long Blades
 11955 | Lair:1   | Noticed a spiny frog
 11961 | Lair:1   | Killed a spiny frog
 11961 | Lair:1   | Reached skill level 7 in Armour
 11961 | Lair:1   | Received a gift from Yredelemnul (4 flying skulls)
 12317 | Lair:1   | Noticed Erica
 12335 | Lair:1   | Killed Erica
 12604 | Lair:2   | Noticed a black mamba
 12619 | Lair:2   | HP: 11/71 [black mamba (11)]
 12625 | Lair:2   | Killed a black mamba
 12928 | Lair:2   | Noticed a black mamba
 12935 | Lair:2   | Noticed a spiny frog
 12937 | Lair:2   | Killed a black mamba
 12937 | Lair:2   | Gained mutation: When hurt, damage is shared between your health and your magic reserves. [demonic ancestry]
 12937 | Lair:2   | Reached XP level 11. HP: 53/77 MP: 11/11
 12959 | Lair:2   | HP: 23/77 [poisoned by a spiny frog]
 12964 | Lair:2   | HP: 17/77 [poisoned by a spiny frog]
 12969 | Lair:2   | HP: 12/77 [poisoned by a spiny frog]
 12975 | Lair:2   | HP: 9/77 [poisoned by a spiny frog]
 12981 | Lair:2   | HP: 8/77 [poisoned by a spiny frog]
 12986 | Lair:2   | HP: 7/77 [poisoned by a spiny frog]
 12994 | Lair:1   | HP: 7/77 [poisoned by a spiny frog]
 13696 | Lair:2   | Noticed Nergalle
 13709 | Lair:2   | HP: 22/77 [poisoned by Nergalle]
 13724 | Lair:2   | HP: 20/77 [Nergalle/bolt of negative energy (15)]
 13729 | Lair:2   | HP: 16/77 [poisoned by Nergalle]
 13734 | Lair:2   | HP: 12/77 [poisoned by Nergalle]
 13740 | Lair:2   | HP: 9/77 [poisoned by Nergalle]
 13745 | Lair:1   | HP: 6/77 [poisoned by Nergalle]
 13750 | Lair:1   | HP: 5/77 [poisoned by Nergalle]
 13756 | Lair:1   | HP: 4/77 [poisoned by Nergalle]
 13765 | Lair:1   | HP: 3/77 [poisoned by Nergalle]
 13771 | Lair:1   | HP: 3/77 [poisoned by Nergalle]
 13776 | Lair:1   | HP: 3/77 [poisoned by Nergalle]
 14207 | D:9      | Received a gift from Yredelemnul (5 flying skulls)
 14692 | D:9      | Paralysed by a hornet for 1 turns
 14722 | D:9      | Noticed a two-headed ogre
 14728 | D:9      | Killed a two-headed ogre
 14728 | D:9      | Reached skill level 14 in Long Blades
 14728 | D:9      | Reached skill level 8 in Armour
 14729 | D:9      | Received a gift from Yredelemnul (4 flying skulls)
 15315 | Lair:2   | Killed Nergalle
 15347 | Lair:2   | Noticed a four-headed hydra
 15355 | Lair:2   | Killed a four-headed hydra
 15471 | Lair:2   | Received a gift from Yredelemnul (2 flying skulls)
 15693 | Lair:2   | HP: 22/77 [yak (3)]
 16340 | Lair:3   | Reached skill level 9 in Armour
 16359 | Lair:3   | Received a gift from Yredelemnul (a wight)
 16481 | Lair:3   | Got an encrusted cloak
 16487 | Lair:3   | Identified the cursed +0 cloak "Ledymaiph" {rElec rPois} (You found it on level 3 of the Lair of Beasts)
 16619 | Lair:3   | Noticed a wolf spider
 16622 | Lair:3   | Found a hole to the Spider Nest.
 16630 | Lair:3   | Killed a wolf spider
 16634 | Lair:3   | Gained mutation: You regenerate magic rapidly. [demonic ancestry]
 16634 | Lair:3   | Reached XP level 12. HP: 70/83 MP: 9/12
 17105 | Lair:3   | Noticed Rupert
 17131 | Lair:3   | Killed Rupert
 17131 | Lair:3   | Reached skill level 15 in Long Blades
 17131 | Lair:3   | Reached skill level 10 in Armour
 17572 | Lair:4   | Noticed an eight-headed hydra
 17858 | Lair:3   | Received a gift from Yredelemnul (a wraith)
 18023 | Lair:4   | HP: 19/83 [eight-headed hydra (8)]
 18025 | Lair:4   | Killed an eight-headed hydra
 18784 | Lair:4   | Found a staircase to the Swamp.
 19399 | Lair:5   | Reached ***** piety under Yredelemnul
 19448 | Lair:5   | Noticed Josephine
 19494 | Lair:5   | Killed Josephine
 19499 | Lair:5   | HP: 24/83 [spiny frog (2)]
 19504 | Lair:5   | HP: 17/83 [poisoned by a spiny frog]
 19519 | Lair:5   | HP: 22/83 [elephant (7)]
 19528 | Lair:5   | Reached skill level 11 in Armour
 19541 | Lair:5   | HP: 22/83 [polar bear (1)]
 20877 | Lair:5   | Noticed a four-headed hydra
 20884 | Lair:5   | Killed a one-headed hydra
 20947 | Lair:5   | Found a viscous altar of Jiyva.
 20947 | Lair:5   | Found a staircase to the Slime Pits.
 21386 | Lair:2   | Received a gift from Yredelemnul (a phantasmal warrior)
 21394 | Lair:2   | Reached XP level 13. HP: 56/88 MP: 9/13
 21798 | Lair:6   | Entered Level 6 of the Lair of Beasts
 21954 | Lair:6   | Reached skill level 16 in Long Blades
 21979 | Lair:6   | HP: 20/88 [spiny frog (11)]
 21980 | Lair:6   | HP: 6/88 [blink frog (5)]
 21983 | Lair:6   | Slain by a spiny frog

Vault maps used:
D:1:      grunt_arrival_lava_bath, serial_forest, infiniplex_forest_lined_1,
          infiniplex_forest_lined_2, infiniplex_forest_lined_room_2,
          infiniplex_forest_end_1, infiniplex_forest_straight_2,
          infiniplex_forest_lined_2, serial_bayou_pond_e, minmay_tiny_reverse_x
D:2:      minmay_diamond_boxcup
D:3:      tgw_trog, uniq_jessica
D:4:      temple_statues, first_bread, corexii_corridor_pit,
          grunt_ministairs_10, uniq_blork_the_orc
D:5:      led_xom_imps, nicolae_overflow_hidden_temple
D:6:      kennysheep_little_box, lemuel_crystal_altar,
          chequers_temple_overflow_statue_of_worship, serial_park_tiny_2
D:7:      vehumet_statue, grunt_ogre_cave
D:8:      led_sif_book, lair_entry_dummy, nicolae_ossuary_entry_plus
D:9:      minmay_joined_circles
Temple:   jpeg_temple_clearing
Lair:1:   uniq_erica
Lair:2:   wad_woods_04, beast_lair_carwin_3, uniq_nergalle
Lair:3:   spider_nest_entry_funnel_web, st_stairs_11, uniq_rupert
Lair:4:   swamp_mist
Lair:5:   dpeg_slime_entry_enclosed_altar, st_stairs_8, serial_bayou_shore_a,
          lemuel_fruit_tree, uniq_josephine
Lair:6:   grunt_lair_end_beastmaster, lab_entry_generic,
          grunt_forest_small_clearings, grunt_megastairs_2,
          infiniplex_staircase_pool
Ossuary:  ossuary_minmay_scorpions

Skill      XL: |  1  2  3  4  5  6  7  8  9 10 11 12 13 |
---------------+----------------------------------------+-----
Long Blades    | 2 3 4 5 7 8 10 12 13 14 15 16 | 16.0
Armour         | 3 5 7 9 11 | 11.7
Fighting       | |  4.0
Throwing       | |  1.0
Evocations     | |  1.0

Action                   |  1- 3 |  4- 6 |  7- 9 | 10-12 | 13-15 || total
-------------------------+-------+-------+-------+-------+-------++-------
Melee: Falchion          |    83 |   247 |   580 |       |       ||   910
       Short sword       |       |    29 |   228 |   597 |       ||   854
       Scimitar          |       |       |       |   106 |    98 ||   204
 Fire: Hunting sling     |       |    32 |    37 |       |       ||    69
       Blowgun           |       |     3 |     5 |     4 |       ||    12
Throw: Tomahawk          |     1 |     6 |     3 |    52 |     3 ||    65
Invok: Animate Dead      |       |       |       |    15 |     2 ||    17
       Recall Undead Sla |       |       |       |     5 |       ||     5
       Drain Life        |       |       |       |     1 |       ||     1
Evoke: Wand              |       |       |       |     2 |       ||     2
  Use: Scroll            |     4 |     8 |    12 |     6 |     3 ||    33
       Potion            |       |     1 |       |     5 |     1 ||     7
 Stab: Distracted        |       |       |       |     6 |       ||     6
  Eat: Chunk             |     1 |    11 |    11 |    24 |     1 ||    48
       Royal jelly       |       |       |     2 |       |       ||     2
       Meat ration       |       |       |     1 |     1 |       ||     2
       Fruit             |       |       |     1 |       |       ||     1
       Bread ration      |       |       |       |     2 |       ||     2
Armor: Ring mail         |    31 |    43 |       |       |       ||    74
       Scale mail        |       |    68 |    59 |       |       ||   127
       Plate armour      |       |       |   294 |   322 |    23 ||   639
       Chain mail        |       |       |    28 |       |       ||    28
Dodge: Dodged            |    34 |   112 |   197 |   171 |    15 ||   529
       Rpst.: Falchion   |     8 |    28 |    58 |       |       ||    94
       Scimitar          |       |       |       |    10 |     4 ||    14

Table legend:
 A = Spawn XP
 B = Non-spawn XP
 C = Spawn XP percentage of total XP
 D = Spawn monster count
 E = Non-spawn monster count
 F = Spawn count percentage of total count
 G = Total turns spent on level
                    A         B        C        D         E        F      G
               +---------+---------+-------+---------+---------+-------+---------
         Total |       0 |   39430 |   0.0 |       0 |     381 |   0.0 | 21983
               +---------+---------+-------+---------+---------+-------+---------
           D:1 |       0 |      10 |   0.0 |       0 |       7 |   0.0 |   665
           D:2 |       0 |     114 |   0.0 |       0 |      31 |   0.0 |   898
           D:3 |       0 |     280 |   0.0 |       0 |      20 |   0.0 |  1352
           D:4 |       0 |     372 |   0.0 |       0 |      31 |   0.0 |  2090
           D:5 |       0 |     763 |   0.0 |       0 |      31 |   0.0 |  1656
           D:6 |       0 |     984 |   0.0 |       0 |      23 |   0.0 |  1154
           D:7 |       0 |    1190 |   0.0 |       0 |      18 |   0.0 |  1076
           D:8 |       0 |    1128 |   0.0 |       0 |      22 |   0.0 |  1300
           D:9 |       0 |    2751 |   0.0 |       0 |      40 |   0.0 |  1005
        Lair:1 |       0 |    4322 |   0.0 |       0 |      17 |   0.0 |  2471
        Lair:2 |       0 |    6100 |   0.0 |       0 |      36 |   0.0 |  2210
        Lair:3 |       0 |    7795 |   0.0 |       0 |      28 |   0.0 |  1642
        Lair:4 |       0 |    2094 |   0.0 |       0 |       9 |   0.0 |  1713
        Lair:5 |       0 |    9139 |   0.0 |       0 |      30 |   0.0 |  1746
        Lair:6 |       0 |    1380 |   0.0 |       0 |       6 |   0.0 |    99
       Ossuary |       0 |    1008 |   0.0 |       0 |      32 |   0.0 |   802
               +---------+---------+-------+---------+---------+-------+---------

Table legend:
 A = Turns spent in this place as a percentage of turns spent in the entire game.
 B = Non-inter-level travel turns spent in this place as a percentage of non-inter-level travel turns spent in the entire game.
 C = Inter-level travel turns spent in this place as a percentage of turns spent in this place.
 D = Turns resting spent in this place as a percentage of non-inter-level travel turns spent in this place.
 E = Turns spent auto-exploring this place as a percentage of non-inter-level travel turns spent in this place.
 F = Non-inter-level travel turns spent in this place divided by the number of levels of this place that you've seen.
                   A       B       C       D       E      F
               +-------+-------+-------+-------+-------+----------------------
         Total | 100.0 | 100.0 |   6.2 |  31.0 |  39.2 | 1212.4
       Dungeon |  50.9 |  52.3 |   3.8 |  26.7 |  41.2 | 1197.1
        Temple |   0.5 |   0.4 |  16.3 |   0.0 |  65.5 |  87.0
          Lair |  44.9 |  43.4 |   9.4 |  35.3 |  40.2 | 1491.3
       Ossuary |   3.6 |   3.9 |   0.0 |  43.5 |   0.0 | 802.0
               +-------+-------+-------+-------+-------+----------------------

Vault maps used:
D:1:      grunt_arrival_lava_bath, serial_forest, infiniplex_forest_lined_1,
          infiniplex_forest_lined_2, infiniplex_forest_lined_room_2,
          infiniplex_forest_end_1, infiniplex_forest_straight_2,
          infiniplex_forest_lined_2, serial_bayou_pond_e, minmay_tiny_reverse_x
D:2:      minmay_diamond_boxcup
D:3:      tgw_trog, uniq_jessica
D:4:      temple_statues, first_bread, corexii_corridor_pit,
          grunt_ministairs_10, uniq_blork_the_orc
D:5:      led_xom_imps, nicolae_overflow_hidden_temple
D:6:      kennysheep_little_box, lemuel_crystal_altar,
          chequers_temple_overflow_statue_of_worship, serial_park_tiny_2
D:7:      vehumet_statue, grunt_ogre_cave
D:8:      led_sif_book, lair_entry_dummy, nicolae_ossuary_entry_plus
D:9:      minmay_joined_circles
Temple:   jpeg_temple_clearing
Lair:1:   uniq_erica
Lair:2:   wad_woods_04, beast_lair_carwin_3, uniq_nergalle
Lair:3:   spider_nest_entry_funnel_web, st_stairs_11, uniq_rupert
Lair:4:   swamp_mist
Lair:5:   dpeg_slime_entry_enclosed_altar, st_stairs_8, serial_bayou_shore_a,
          lemuel_fruit_tree, uniq_josephine
Lair:6:   grunt_lair_end_beastmaster, lab_entry_generic,
          grunt_forest_small_clearings, grunt_megastairs_2,
          infiniplex_staircase_pool
Ossuary:  ossuary_minmay_scorpions
